 Dungeon Crawl Stone Soup version 0.20-b1-12-g5827e59 (webtiles) character file.

70 LORDOFBUTT the Chopper (level 4, 0/60 HPs)
             Began as a Minotaur Berserker on May 23, 2017.
             Was a Believer of Trog.
             Slain by a gnoll
             ... wielding a +0 halberd
              (13 damage)
             ... on level 2 of the Dungeon.
             The game lasted 00:00:46 (744 turns).

LORDOFBUTT the Chopper (Minotaur Berserker)          Turns: 744, Time: 00:00:47

Health: 0/60       AC:  2    Str: 27    XL:     4   Next: 3%
Magic:  3/3        EV: 12    Int:  4    God:    Trog [**....]
Gold:   140        SH:  0    Dex: 10    Spells: 3/3 levels left

rFire    . . .     SeeInvis .   a - +0 hand axe
rCold    . . .     Gourm    .   (no shield)
rNeg     . . .     Faith    .   b - +0 animal skin
rPois    .         Spirit   .   (helmet restricted)
rElec    .         Reflect  .   (no cloak)
rCorr    .         Harm     .   (no gloves)
MR       .....                  (no boots)
Stlth    ..........             (no amulet)
Regen    0.2/turn               (no ring)
MPRegen  0.1/turn               (no ring)

@: berserking (expiring), very quick
A: retaliatory headbutt, horns 2
a: Berserk, Trog's Hand, Burn Spellbooks, Renounce Religion


You were on level 2 of the Dungeon.
You worshipped Trog.
Trog was pleased with you.
You were hungry.

You visited 1 branch of the dungeon, and saw 2 of its levels.

You collected 140 gold pieces.

Inventory:

Hand Weapons
 a - a +0 hand axe (weapon)
Armour
 b - a +0 animal skin (worn)
Jewellery
 f - an uncursed ring of fire {unknown}
Scrolls
 e - 3 scrolls of teleportation {unknown}
 g - a scroll of blinking {unknown}
 h - a scroll of amnesia {unknown}
 i - a scroll of enchant weapon {unknown}
Potions
 j - a potion of curing {unknown}
Comestibles
 c - a bread ration
 d - 4 chunks of flesh


   Skills:
 + Level 4.2 Fighting
 * Level 4.8 Axes
 - Level 2.7 Armour
 * Level 2.9 Dodging


You had 3 spell levels left.
You didn't know any spells.

Dungeon Overview and Level Annotations

Branches:
Dungeon (2/15)

Altars:


Innate Abilities, Weirdness & Mutations

You reflexively headbutt those who attack you in melee.
You have a pair of horns on your head.


Message History

The gnoll hits you but does no damage.
The gnoll hits you from afar with a halberd!
You are too injured to fight recklessly!
You are too injured to fight recklessly!
You are too injured to fight recklessly!
You are too injured to fight recklessly!
You are too injured to fight recklessly!
A red film seems to cover your vision as you go berserk!
You feel yourself moving faster!
You feel mighty!
You are feeling hungry.
The gnoll hits you with a club.
* * * LOW HITPOINT WARNING * * *
The gnoll hits you from afar with a halberd.
* * * LOW HITPOINT WARNING * * *
You feel a strong urge to attack something.
The gnoll barely misses you.
Things that are here:
a spear; a gnoll corpse The gnoll hits you with a halberd!
You die...

## #....####..##### #....#
.###....#.........###..#.#
........#..............#.##
........#..............#...
.............#..##......####
.............##.##......#
..(..........##.##......#
..........g............####
..........@)###.#..........
..........g.# #.###........
#.##.##.....# #..##........
#. #.....# ##.##........
#.##### #.##........ #.
##.#........ # #####......
##..รท#. ##.)..


You could see 2 gnolls.

Vanquished Creatures
  A gnoll (D:2)
  3 adders (D:2)
  A dart slug (D:1)
  A leopard gecko (D:2)
  A giant cockroach (D:2)
  2 goblins
  7 hobgoblins
  A ball python (D:2)
  6 bats
  5 frilled lizards
  3 kobolds (D:1)
  3 rats
34 creatures vanquished.

Notes
Turn   | Place    | Note
-------+----------+-------------------------------------------
     0 | D:1      | LORDOFBUTT the Minotaur Berserker began the quest for the Orb.
     0 | D:1      | Reached XP level 1. HP: 19/19 MP: 0/0
   146 | D:1      | Reached XP level 2. HP: 22/27 MP: 1/1
   402 | D:2      | Reached XP level 3. HP: 28/33 MP: 2/2
   424 | D:2      | Reached ** piety under Trog
   739 | D:2      | Reached XP level 4. HP: 28/40 MP: 3/3
   744 | D:2      | Slain by a gnoll

Skill      XL: |  1  2  3 |
---------------+----------+-----
Axes           | 4 |  4.8
Fighting       | 4 |  4.2
Armour         | |  2.7
Dodging        | |  2.9

Action                   |  1- 3 |  4- 6 || total
-------------------------+-------+-------++-------
Melee: Hand axe          |    54 |     1 ||    55
       Headbutt          |     7 |       ||     7
Invok: Berserk           |       |     1 ||     1
Armor: Animal skin       |     7 |       ||     7
Dodge: Dodged            |    47 |     3 ||    50
